Map: Hardwire LE

Players

papaya - Winner!

  • Race: Terran Terran

sirEthan

  • Race: Protoss Protoss
  • League: Master

VOD

Have the link to the VOD?

Description

pp

Time

  • Played on: Jan. 9, 2022, 6:49 p.m.
  • Length: 19:18
Show
View Real Time Build Order
Export as new Build Order

papaya Terran - Winner!

Build Orders: Command Center First (CC) 

Get SALT Encoding   

  12  0:00  SCV  
  13  0:12  SCV  
  14  0:18  Supply Depot  
  14  0:24  SCV  
  15  0:39  SCV  
  16  0:52  SCV  
  17  1:02  Command Center  
  17  1:11  Engineering Bay  
  17  1:13  SCV  
  18  1:22  Refinery  
  18  1:26  Refinery  
  18  1:28  SCV  
  19  1:40  SCV  
  19  1:43  Engineering Bay  
  20  1:52  SCV  
  21  2:00  Barracks  
  21  2:04  SCV  
  22  2:16  SCV  
  23  2:28  SCV  
  25  2:46  Planetary Fortress  
  25  2:49  Planetary Fortress  
  24  3:02  Factory  
  24  3:11  Refinery  
  24  3:12  Refinery  
  24  3:23  Reaper  
  25  3:35  SCV  
  25  3:37  SCV  
  27  3:45  Starport  
  29  3:48  Hellion  
  29  3:50  SCV  
  29  3:51  SCV  
  31  4:02  SCV  
  32  4:11  Starport  
  32  4:13  Missile Turret  
  32  4:14  SCV x2  
  34  4:23  Starport Tech Lab  
  34  4:26  Supply Depot, SCV  
  35  4:43  SCV  
  36  4:46  SCV  
  36  4:47  Starport Tech Lab  
  37  5:08  Missile Turret x2  
  37  5:14  Factory Tech Lab  
  37  5:18  SCV  
  37  5:19  Command Center, SCV  
  39  5:25  Cloaking Field  
  39  5:31  SCV x2  
  41  5:38  Banshee  
  44  5:43  SCV  
  44  5:45  Supply Depot  
  45  5:51  SCV  
  46  6:01  Armory  
  46  6:06  Supply Depot, Banshee, SCV  
  46  6:08  SCV  
  51  6:19  SCV  
  51  6:20  SCV  
  51  6:23  Supply Depot  
  51  6:25  Missile Turret  
  53  6:31  SCV  
  53  6:32  Missile Turret  
  54  6:36  Banshee  
  57  6:42  Barracks  
  57  6:47  Planetary Fortress  
  57  6:49  Banshee  
  60  6:57  SCV x2  
  60  7:00  Thor  
  68  7:09  SCV x2  
  68  7:19  Banshee  
  65  7:32  Banshee  
  68  7:46  SCV x3  
  68  7:48  Barracks Tech Lab x2  
  71  7:58  SCV x3  
  73  8:01  Supply Depot  
  73  8:02  Banshee  
  77  8:13  SCV x3  
  77  8:15  Banshee  
  77  8:17  Marauder  
  85  8:23  Marauder  
  85  8:25  SCV x3  
  90  8:31  Refinery x2  
  90  8:39  Marauder  
  92  8:50  Supply Depot  
  92  8:53  Missile Turret, Supply Depot  
  92  8:54  Supply Depot  
  92  8:55  Missile Turret  
  92  8:57  Missile Turret  
  92  9:01  Concussive Shells  
  92  9:04  Hi-Sec Auto Tracking  
  92  9:05  Supply Depot  
  92  9:09  SCV  
  93  9:12  Banshee, SCV, Marauder x2  
  93  9:14  Thor  
  93  9:16  Banshee  
  110  9:17  SCV  
  110  9:19  Supply Depot  
  110  9:21  SCV  
  112  9:25  Missile Turret  
  112  9:55  Banshee  
  100  10:01  Neosteel Armor  
  100  10:06  SCV x2  
  100  10:07  SCV  
  94  10:14  Banshee  
  94  10:19  Starport  
  94  10:20  Marauder  
  101  10:21  SCV x2  
  101  10:24  Marauder  
  101  10:25  Starport  
  101  10:26  Starport  
  100  10:35  Ghost Academy  
  100  10:37  Banshee  
  100  10:41  Marauder  
  105  10:45  Marauder  
  107  10:57  Banshee  
  106  10:59  Command Center  
  106  11:03  Command Center  
  109  11:04  Marauder  
  109  11:06  Marauder  
  109  11:08  Command Center  
  110  11:21  Ghost Academy  
  110  11:24  Ghost Academy  
  110  11:26  Marauder  
  109  11:37  Banshee  
  109  11:39  Banshee, Marauder  
  117  12:04  Marauder x2  
  117  12:07  Personal Cloaking, Nuke x2  
  121  12:20  Banshee  
  121  12:22  Banshee  
  124  12:23  Command Center  
  124  12:25  Ghost x2  
  124  12:28  Planetary Fortress x2  
  131  12:31  Planetary Fortress  
  131  12:33  Refinery x2  
  131  12:34  Refinery  
  131  12:36  SCV x2  
  133  12:46  Starport Tech Lab x2  
  133  12:47  Starport Tech Lab  
  133  12:55  Ghost x2  
  137  12:59  SCV x3  
  137  13:02  Banshee  
  143  13:08  Missile Turret  
  143  13:11  Missile Turret  
  143  13:12  Missile Turret  
  143  13:26  Ghost x2  
  143  13:32  Nuke  
  143  13:34  Missile Turret  
  147  13:37  Missile Turret  
  147  13:44  SCV  
  148  13:50  SCV x3  
  151  13:56  SCV  
  151  13:57  Refinery  
  151  14:01  Orbital Command  
  152  14:07  Command Center  
  152  14:08  Banshee x5, SCV  
  168  14:16  Command Center  
  162  14:30  SCV  
  162  14:31  SCV x4  
  167  14:41  Ghost x2  
  159  14:49  SCV x2  
  159  14:50  Banshee  
  159  14:52  SCV x3  
  167  14:55  Missile Turret  
  167  14:56  Banshee x3  
  176  15:04  Nuke x3  
  176  15:09  Ghost  
  178  15:20  Planetary Fortress  
  178  15:21  Command Center  
  169  15:35  SCV x3  
  163  15:50  Ghost  
  165  16:08  Missile Turret  
  165  16:10  Command Center, Planetary Fortress  
  165  16:13  Missile Turret  
  165  16:16  Missile Turret  
  165  16:20  Missile Turret  
  165  16:27  Missile Turret  
  165  16:28  Refinery  
  165  16:29  Missile Turret  
  165  16:33  Missile Turret, Refinery  
  165  16:38  Missile Turret  
  165  16:43  Missile Turret  
  165  16:52  Missile Turret  
  165  16:58  Missile Turret  
  165  17:08  Nuke  
  165  17:09  Nuke x2  
  165  17:14  Missile Turret, Ghost Academy  
  165  17:16  Raven x3  
  165  17:17  Raven x2, Ghost Academy  
  165  17:38  Command Center  
  165  17:42  Refinery  
  165  17:45  Planetary Fortress  
  165  17:46  Refinery  
  165  17:58  SCV  
  165  18:03  Missile Turret x2  
  165  18:06  Missile Turret  
  165  18:12  SCV x3  
  165  18:24  Missile Turret  
  165  18:26  Missile Turret  
  165  18:38  Command Center  
  165  18:39  Command Center  
Show
View Real Time Build Order
Export as new Build Order

sirEthan Protoss 

Build Orders: 1 Gate Expand 

Get SALT Encoding   

  12  0:00  Probe  
  13  0:12  Probe  
  14  0:20  Pylon  
  14  0:27  Probe  
  15  0:39  Probe (Chrono Boost)  
  15  0:41  Gateway  
  16  0:51  Probe (Chrono Boost)  
  16  0:56  Assimilator  
  17  0:58  Probe (Chrono Boost)  
  18  1:24  Nexus  
  18  1:35  Cybernetics Core  
  17  1:51  Probe  
  18  2:06  Assimilator  
  18  2:13  Zealot (Chrono Boost)  
  20  2:17  Probe  
  21  2:29  Probe  
  22  2:32  Pylon  
  22  2:37  Probe (Chrono Boost)  
  22  2:39  Stalker  
  22  2:42  Probe (Chrono Boost)  
  26  2:50  Probe (Chrono Boost)  
  27  2:54  Probe (Chrono Boost)  
  28  3:00  Warp Gate  
  28  3:11  Probe (Chrono Boost)  
  30  3:13  Probe (Chrono Boost), Stalker  
  32  3:23  Probe (Chrono Boost)  
  34  3:27  Probe (Chrono Boost)  
  34  3:31  Probe (Chrono Boost)  
  34  3:34  Robotics Facility  
  35  3:36  Probe, Gateway  
  36  3:59  Nexus  
  35  4:04  Pylon  
  35  4:13  Stalker  
  37  4:20  Probe x2  
  37  4:22  Observer (Chrono Boost)  
  40  4:32  Probe x2  
  40  4:33  Twilight Council  
  40  4:36  Observer (Chrono Boost)  
  43  4:39  Pylon  
  43  4:49  Probe x2  
  44  4:55  Immortal  
  48  5:02  Probe x2 (Chrono Boost)  
  48  5:03  Stalker  
  54  5:14  Probe (Chrono Boost)  
  54  5:15  Probe (Chrono Boost)  
  54  5:16  Charge (Chrono Boost), Probe (Chrono Boost)  
  55  5:21  Probe x2 (Chrono Boost)  
  55  5:22  Probe (Chrono Boost)  
  55  5:28  Probe x2  
  58  5:30  Probe  
  58  5:31  Pylon  
  61  5:40  Probe x2, Stalker  
  61  5:41  Zealot  
  61  5:42  Probe  
  68  5:55  Probe x2 (Chrono Boost)  
  68  5:56  Probe (Chrono Boost), Shield Battery  
  71  5:59  Shield Battery  
  71  6:05  Zealot  
  71  6:06  Zealot, Probe (Chrono Boost)  
  71  6:08  Probe x2 (Chrono Boost)  
  71  6:10  Warp Prism  
  80  6:21  Probe  
  80  6:22  Probe x2  
  83  6:26  Pylon  
  83  6:30  Zealot  
  85  6:45  Pylon  
  85  6:47  Gateway, Pylon  
  85  6:48  Probe x2  
  85  6:50  Gateway  
  85  6:52  Zealot x2  
  91  6:55  Gateway  
  91  7:01  Gateway  
  91  7:04  Forge  
  91  7:07  Robotics Bay  
  91  7:13  Robotics Facility, Shield Battery  
  91  7:17  Shield Battery  
  91  7:18  Pylon  
  91  7:21  Pylon  
  91  7:23  Zealot  
  91  7:24  Zealot, Gateway  
  91  7:26  Immortal, Gateway  
  91  7:41  Probe x2  
  91  7:43  Protoss Ground Weapons Level 1 (Chrono Boost)  
  91  7:55  Stalker x2  
  91  7:56  Stalker  
  93  7:59  Probe  
  93  8:01  Probe x2  
  93  8:04  Observer  
  94  8:06  Observer  
  94  8:11  Probe  
  94  8:13  Colossus  
  97  8:21  Assimilator  
  97  8:23  Probe, Assimilator  
  96  8:28  Probe x2  
  96  8:31  Stalker x3  
  100  8:45  Zealot  
  100  8:46  Zealot x2  
  100  8:47  Zealot x2  
  110  8:53  Pylon  
  110  8:55  Pylon  
  110  8:57  Pylon  
  110  8:59  Pylon  
  110  9:01  Colossus  
  116  9:02  Pylon  
  116  9:04  Probe x2  
  116  9:06  Nexus  
  118  9:10  Zealot x3  
  118  9:11  Zealot x4  
  132  9:28  Stalker  
  134  9:31  Colossus  
  138  9:47  Stalker x2  
  142  9:56  Observer  
  114  10:09  Stalker x4  
  114  10:11  Probe x3  
  77  10:32  Stalker x3  
  81  10:43  Probe x3  
  81  10:45  Stalker  
  86  10:55  Probe x2  
  86  10:56  Probe  
  83  11:04  Stalker x2  
  83  11:05  Stalker  
  83  11:07  Probe  
  83  11:08  Probe x2  
  83  11:09  Zealot x4  
  83  11:10  Zealot  
  84  11:46  Pylon  
  75  11:48  Stalker x3  
  75  11:49  Stalker x2  
  75  12:07  Pylon  
  65  12:10  Pylon  
  59  12:18  Blink (Chrono Boost)  
  56  12:38  Observer x2  
  56  12:40  Zealot  
  56  12:41  Zealot x6  
  71  13:10  Stalker  
  71  13:11  Stalker x3  
  71  13:12  Stalker  
  76  13:32  Stalker  
  78  13:34  Stalker x2  
  78  13:35  Stalker x2  
  86  13:42  Pylon  
  86  13:43  Pylon  
  86  13:52  Pylon  
  86  13:54  Pylon  
  86  14:02  Probe x2  
  88  14:14  Probe x2  
  86  14:23  Stalker x3  
  82  14:24  Stalker x2  
  82  14:49  Nexus  
  82  14:51  Pylon  
  82  14:52  Pylon  
  82  14:54  Pylon  
  49  15:37  Stalker  
  49  15:38  Stalker  
Tags
 
Add a new tag
Caveats
  • Supply blocks, unpowered buildings, or Contaminate may cause inaccurate times.
  • Supply counts are checked every 10 seconds.